Map: [ESL] Goldenaura

Players

ForJumyyyy (ForJumy) - Winner!

  • Race: Protoss Protoss
  • League: Master
  • Spawn Location: 5:00

Spazymazy

  • Race: Zerg Zerg
  • League: Master
  • Spawn Location: 12:00

Event: HomeStory Cup XXV

VOD

Have the link to the VOD?

Description

Time

  • Played on: June 22, 2024, 7:56 a.m.
  • Length: 6:09

All games in this series

Show
View Real Time Build Order
Export as new Build Order

ForJumyyyy Protoss - Winner!

Build Orders: 1 Gate Expand, Oracle Opening, Zealot Archon, Archon Drop 

Get SALT Encoding   

  12  0:00  Probe  
  13  0:12  Probe  
  14  0:17  Pylon  
  14  0:24  Probe  
  15  0:36  Probe (Chrono Boost)  
  15  0:39  Gateway  
  16  0:48  Probe (Chrono Boost)  
  17  0:50  Assimilator  
  17  0:53  Probe (Chrono Boost)  
  18  1:03  Probe  
  19  1:15  Probe  
  20  1:27  Cybernetics Core  
  20  1:37  Nexus  
  20  1:45  Zealot (Chrono Boost)  
  22  1:51  Pylon  
  22  1:56  Probe  
  23  2:09  Probe  
  23  2:10  Adept (Chrono Boost)  
  23  2:12  Assimilator  
  25  2:21  Probe  
  26  2:29  Adept (Chrono Boost)  
  26  2:33  Probe  
  29  2:39  Stargate  
  29  2:49  Probe (Chrono Boost)  
  29  2:50  Probe (Chrono Boost)  
  31  2:52  Adept  
  31  2:56  Warp Gate  
  34  3:00  Probe (Chrono Boost)  
  34  3:01  Probe (Chrono Boost)  
  34  3:05  Probe (Chrono Boost)  
  35  3:10  Probe  
  37  3:16  Probe  
  38  3:20  Oracle (Chrono Boost)  
  38  3:22  Probe  
  42  3:29  Probe  
  43  3:34  Probe  
  43  3:36  Pylon  
  42  3:42  Probe  
  42  3:48  Probe  
  40  3:49  Robotics Facility  
  40  3:50  Gateway  
  40  3:53  Assimilator x2  
  40  3:57  Probe  
  40  4:00  Probe  
  42  4:03  Twilight Council  
  42  4:09  Probe (Chrono Boost)  
  44  4:18  Probe (Chrono Boost)  
  44  4:20  Probe (Chrono Boost)  
  45  4:25  Probe x2 (Chrono Boost)  
  45  4:27  Gateway  
  45  4:28  Gateway  
  47  4:35  Probe  
  47  4:36  Probe  
  49  4:38  Warp Prism (Chrono Boost)  
  49  4:45  Templar Archives  
  51  4:49  Stalker  
  53  4:53  Pylon  
  53  4:57  Probe  
  54  5:00  Pylon  
  54  5:11  Adept, Probe  
  57  5:21  Probe  
  58  5:33  High Templar x4  
  64  5:36  Nexus  
  64  5:37  Pylon  
  64  5:39  Archon  
  64  5:40  Archon  
  64  5:41  Probe  
  63  5:47  Nexus  
  63  5:50  Probe  
  63  5:53  Forge  
  70  6:08  Zealot x4  
Show
View Real Time Build Order
Export as new Build Order

Spazymazy Zerg 

Build Orders: Pool First 

Get SALT Encoding   

  12  0:00  Drone  
  13  0:12  Overlord  
  13  0:17  Drone  
  14  0:30  Drone x2  
  16  0:41  Spawning Pool  
  15  0:44  Drone  
  15  0:49  Drone  
  17  1:09  Hatchery  
  16  1:12  Drone  
  16  1:16  Extractor  
  16  1:23  Drone x2  
  18  1:28  Zergling x2  
  19  1:34  Queen  
  21  1:41  Drone  
  22  1:50  Overlord  
  22  2:09  Hatchery  
  21  2:18  Metabolic Boost  
  21  2:23  Queen  
  21  2:25  Drone  
  21  2:28  Drone  
  25  2:37  Drone  
  25  2:39  Drone x2  
  28  2:45  Drone x2  
  28  2:46  Drone  
  28  2:51  Overlord  
  31  2:54  Zergling x2  
  31  2:58  Zergling x2  
  33  3:03  Queen  
  35  3:07  Overlord  
  34  3:14  Drone  
  34  3:16  Zergling x4  
  34  3:17  Zergling x2  
  37  3:23  Zergling x2  
  37  3:26  Zergling x4  
  35  3:35  Drone x2  
  35  3:40  Zergling x4  
  35  3:43  Drone  
  35  3:49  Spore Crawler  
  35  3:50  Drone  
  36  3:57  Drone  
  36  4:00  Drone x2  
  38  4:03  Drone  
  38  4:04  Drone  
  38  4:09  Drone x2  
  42  4:16  Drone x3  
  45  4:20  Drone x2  
  47  4:24  Spore Crawler, Extractor  
  47  4:27  Spore Crawler  
  47  4:29  Drone  
  45  4:33  Drone x2  
  45  4:37  Drone x2  
  47  4:48  Drone x6  
  53  4:56  Overlord  
  53  4:57  Drone  
  53  4:58  Drone x4  
  58  5:01  Lair  
  58  5:05  Overlord  
  58  5:08  Extractor  
  58  5:10  Overlord, Extractor  
  58  5:13  Overlord  
  56  5:16  Drone x3  
  56  5:19  Drone  
  57  5:23  Queen  
  58  5:36  Drone x5  
  58  5:37  Drone x3  
  58  5:39  Extractor  
  58  5:40  Extractor  
  63  5:42  Zergling x2  
  63  5:46  Drone  
  61  5:50  Zergling x2  
  61  5:53  Drone x4  
  61  5:55  Extractor  
Tags
 
Add a new tag
Caveats
  • Supply blocks, unpowered buildings, or Contaminate may cause inaccurate times.
  • Supply counts are checked every 10 seconds.